 Dungeon Crawl Stone Soup version 0.17-a0-913-g36eb389 (webtiles) character file.

150 inmateoo the Ruffian (level 5, -7/32 HPs)
             Began as a Gargoyle Warper on May 3, 2015.
             Killed from afar by an orc wizard (9 damage)
             ... with a puff of flame
             ... on level 3 of the Dungeon.
             The game lasted 00:05:30 (3520 turns).

inmateoo the Ruffian (Gargoyle Warper)              Turns: 3520, Time: 00:05:30

Health: -7/32      AC:  8    Str: 15    XL:     5   Next: 32%
Magic:  8/8        EV: 12    Int: 13    God:
Gold:   115        SH:  0    Dex: 10    Spells: 1 memorised, 7 levels left

rFire  . . .     SeeInvis .       - Unarmed
rCold  . . .     Clarity  .     a - +0 leather armour
rNeg   + . .     SustAb   .     (no shield)
rPois  ∞         Gourm    .     (no helmet)
rElec  +         Spirit   .     (no cloak)
rCorr  .         Warding  .     (no gloves)
rMut   .         Stasis   .     p - +0 pair of boots
MR     .....                    (no amulet)
Stlth  ++........               (no ring)
                                y - ring of stealth

@: not resistant to hostile enchantments, unstealthy
A: negative energy resistance 1, electricity resistance, unbreathing,
petrification resistance, rot immunity, AC +4
a: no special abilities


You were on level 3 of the Dungeon.
You were not hungry.

You visited 1 branch of the dungeon, and saw 4 of its levels.

You collected 115 gold pieces.

Inventory:

Hand weapons
 t - a +0 club
Missiles
 d - 5 tomahawks of dispersal (quivered)
Armour
 a - a +0 leather armour (worn)
 p - a +0 pair of boots (worn)
Jewellery
 y - a ring of stealth (left hand)
Magical devices
 v - a wand of random effects (0)
Scrolls
 c - a scroll of blinking
 g - 3 scrolls of amnesia {unknown}
 i - a scroll of random uselessness {unknown}
 j - a scroll of teleportation {unknown}
 l - a scroll of fear {unknown}
 n - 2 scrolls of identify {unknown}
 r - a scroll of enchant weapon {unknown}
 u - 2 scrolls of recharging {unknown}
 w - a scroll of remove curse {unknown}
Potions
 f - 2 potions of degeneration {unknown}
 m - a potion of magic {unknown}
 o - a potion of poison {unknown}
 q - a potion of invisibility {unknown}
 s - a potion of heal wounds {unknown}
Books
 b - a book of Spatial Translocations

   Spells                             Type                      Level
   a - Apportation                    Translocation                1
   b - Blink                          Translocation                2
   c - Shroud of Golubria             Charms/Translocation         2
   d - Portal Projectile              Translocation                3
   e - Teleport Other                 Translocation                3
   f - Passage of Golubria            Translocation                4
Comestibles
 e - a bread ration
 h - 4 fruits
 k - a royal jelly
 x - a meat ration
 z - a slice of pizza


   Skills:
 + Level 3.5 Fighting
 - Level 1.0 Throwing
 - Level 1.1 Armour
 + Level 2.3 Dodging
 * Level 4.0 Unarmed Combat
 - Level 2.0 Spellcasting
 - Level 2.6 Translocations


You had 7 spell levels left.
You knew the following spells:

 Your Spells              Type           Power        Failure   Level  Hunger
a - Apportation           Tloc           #.........   12%         1    ##.....


Dungeon Overview and Level Annotations

Branches:
Dungeon (4/15)
 Temple: D:4-7

Altars:
Dithmenos
Gozag
Kikubaaqudgha

Annotations:
D:3 g1smo's ghost, average HuBe
D:4 Blork the orc


Innate Abilities, Weirdness & Mutations

You are resistant to torment.
Your stone body is resilient (AC +4).
You are immune to poison.
You resist negative energy.
You are resistant to electric shocks.
You can survive without breathing.
You are immune to petrification.
You are immune to rotting.


Message History

The orc wizard is moderately wounded.
The orc wizard closely misses you.
You barely miss the orc wizard.
The orc wizard is moderately wounded.
The orc wizard barely misses you.
An orc comes into view.
You completely miss the orc wizard.
The orc wizard is moderately wounded.
The orc shouts!
The orc wizard casts a spell at you. The magic dart hits you!
The giant newt hisses menacingly.
The orc priest invokes the aid of Beogh against you.
Something smites you! The orc wizard casts a spell at you.
The puff of flame hits you!
* * * LOW HITPOINT WARNING * * *
The orc wizard gestures at you while chanting.
The puff of flame hits you!
You die...

####### ##o##
#.....#
.o.....###.....#
#o....lo.....#
########.....#
#.....#
#########.#####
#.......#.@....#
#..[..).#..###.#
#.....<.#..###
#.......#....#
#.......#)##.#
#.......#.##.#.#
#.......#......#
####.###......##
#.# #.###..#


You could see an orc wizard.

Vanquished Creatures
  A centaur zombie (D:3)
  Ijyb (D:3)
  2 adders
  2 oozes (D:3)
  4 orcs (D:3)
  4 giant cockroaches
  9 hobgoblins
  5 jackals
  7 bats
  A giant gecko (D:2)
  2 giant newts (D:1)
  7 goblins
  9 kobolds
  2 quokkas (D:3)
  7 rats
63 creatures vanquished.

Notes
Turn   | Place    | Note
--------------------------------------------------------------
     0 | D:1      | inmateoo, the Gargoyle Warper, began the quest for the Orb.
     0 | D:1      | Reached XP level 1. HP: 12/12 MP: 3/3
   646 | D:1      | Reached XP level 2. HP: 18/18 MP: 5/5
  1432 | D:2      | Reached XP level 3. HP: 22/22 MP: 6/6
  1442 | D:2      | Reached skill level 3 in Unarmed Combat
  1781 | D:2      | Found a shadowy altar of Dithmenos.
  2046 | D:3      | Noticed g1smo's ghost (average HuBe)
  2166 | D:4      | Noticed Blork the orc
  2676 | D:3      | Reached XP level 4. HP: 19/28 MP: 7/7
  2820 | D:3      | Found an ancient bone altar of Kikubaaqudgha.
  2823 | D:3      | Found an opulent altar of Gozag.
  2932 | D:3      | Noticed Ijyb
  2955 | D:3      | Killed Ijyb
  2955 | D:3      | Reached XP level 5. HP: 11/32 MP: 8/8
  2994 | D:3      | Reached skill level 4 in Unarmed Combat
  3520 | D:3      | Killed from afar by an orc wizard

Action                   |  1- 3 |  4- 6 || total
-------------------------+-------+-------++-------
Melee: Unarmed           |   222 |   134 ||   356
Evoke: Wand              |     9 |       ||     9
 Stab: Paralysed         |     2 |       ||     2
  Eat: Chunk             |     6 |     3 ||     9
